 Dungeon Crawl Stone Soup version 0.20.1-1-g8b1a95d (webtiles) character file.

278 polve the Slasher (level 6, -3/32 HPs)
             Began as a Vine Stalker Fighter on July 26, 2017.
             Slain by a two-headed ogre
             ... wielding a +0 giant club
              (17 damage)
             ... on level 4 of the Dungeon.
             The game lasted 00:02:12 (2576 turns).

polve the Slasher (Vine Stalker Fighter)            Turns: 2576, Time: 00:02:13

Health: -3/32      AC:  6    Str: 24    XL:     6   Next: 26%
Magic:  0/7        EV:  9    Int:  8    God:
Gold:   122        SH:  7    Dex: 15    Spells: 5/5 levels left

rFire    . . .     SeeInvis .   a - +0 long sword
rCold    . . .     Gourm    .   r - +2 buckler
rNeg     . . .     Faith    .   b - +0 scale mail
rPois    .         Spirit   +   (no helmet)
rElec    .         Reflect  .   (no cloak)
rCorr    .         Harm     .   (no gloves)
MR       .....                  (no boots)
Stlth    ..........             (no amulet)
Regen    0.5/turn               (no ring)
MPRegen  0.1/turn               (no ring)

@: mighty
A: fangs 2, regeneration 1, magic shield, antimagic bite, no potion heal 3, rot
immunity
a: no special abilities


You were on level 4 of the Dungeon.
You were not hungry.

You visited 1 branch of the dungeon, and saw 4 of its levels.

You collected 122 gold pieces.

Inventory:

Hand Weapons
 a - a +0 long sword (weapon)
Armour
 b - a +0 scale mail (worn)
 r - a +2 buckler (worn)
Scrolls
 h - 2 scrolls of identify {unknown}
 i - a scroll of recharging {unknown}
 l - a scroll of remove curse {unknown}
 n - 4 scrolls of random uselessness {unknown}
 o - a scroll of noise {unknown}
 p - a scroll of blinking {unknown}
 s - a scroll of fog {unknown}
Potions
 c - a potion of ambrosia {unknown}
 e - a potion of haste {unknown}
 g - 2 potions of heal wounds {unknown}
 k - a potion of curing {unknown}
 q - 3 potions of brilliance {unknown}
Comestibles
 f - a bread ration
 j - 4 meat rations


   Skills:
 - Level 2.6 Fighting
 + Level 5.1 Long Blades
 - Level 2.4 Armour
 + Level 3.9 Shields


You had 5 spell levels left.
You didn't know any spells.

Dungeon Overview and Level Annotations

Branches:
Dungeon (4/15)
 Temple: D:4-7

Altars:


Innate Abilities, Weirdness & Mutations

You have extremely sharp teeth.
Your natural rate of healing is unusually fast.
When hurt, damage is shared between your health and your magic reserves.
Your bite disrupts and absorbs the magic of your enemies.
Potions cannot restore your health.
You are immune to rotting.


Message History

You are no longer poisoned.
HP restored.
You now have 122 gold pieces (gained 14).
You open the door.
Found 18 poisoned needles.
There is an open door here.
All of the chunks of flesh in your inventory have rotted away.
A two-headed ogre comes into view. It is wielding two giant clubs.
A two-headed ogre is nearby!
A two-headed ogre is nearby!
You feel very mighty all of a sudden.
You slash the two-headed ogre! You bite the two-headed ogre.
You drain its power.
The two-headed ogre is moderately wounded.
The two-headed ogre hits you with a giant club!!
Ouch! That really hurt!
* * * LOW HITPOINT WARNING * * *
The two-headed ogre hits you with a giant club!!
Ouch! That really hurt!
You die...

...#####.###......+.....
..................#.....
#######.##.#.##........#
#.....................+
#####.###..###.#......#
#.#........#.#.#.##
#.#......#.#.......
#.########+###+#.##
#.@O...... ...
#............ ..###
#.#.......... ... #
#.######... .... #. .#
#+#.# ## . #.


You could see a two-headed ogre.

Vanquished Creatures
  A black bear (D:3)
  A scorpion (D:4)
  An iguana (D:3)
  Ijyb (D:3)
  An adder (D:3)
  An ooze (D:1)
  2 worms (D:3)
  3 dart slugs
  A leopard gecko (D:3)
  4 orcs (D:3)
  A ball python (D:2)
  6 bats
  3 giant cockroaches
  4 goblins
  5 hobgoblins
  8 jackals (D:3)
  7 kobolds
  A quokka (D:3)
  4 frilled lizards
  A quokka skeleton (D:4)
  3 rats
59 creatures vanquished.

Notes
Turn   | Place    | Note
-------+----------+-------------------------------------------
     0 | D:1      | polve the Vine Stalker Fighter began the quest for the Orb.
     0 | D:1      | Reached XP level 1. HP: 11/11 MP: 2/2
    35 | D:1      | Reached skill level 2 in Long Blades
   281 | D:1      | Reached XP level 2. HP: 16/16 MP: 3/3
   851 | D:2      | Reached skill level 3 in Long Blades
   939 | D:2      | Reached XP level 3. HP: 19/19 MP: 4/4
  1606 | D:3      | Gained mutation: Your natural rate of healing is unusually fast. [Vine Stalker growth]
  1606 | D:3      | Reached XP level 4. HP: 20/23 MP: 5/5
  1668 | D:3      | Reached skill level 4 in Long Blades
  1732 | D:3      | Noticed Ijyb
  1765 | D:3      | Killed Ijyb
  2005 | D:3      | Reached XP level 5. HP: 27/27 MP: 6/6
  2294 | D:3      | Noticed a black bear
  2300 | D:3      | Killed a black bear
  2300 | D:3      | Reached XP level 6. HP: 32/32 MP: 7/7
  2469 | D:4      | Reached skill level 5 in Long Blades
  2572 | D:4      | Noticed a two-headed ogre
  2576 | D:4      | Slain by a two-headed ogre

Skill      XL: |  1  2  3  4  5  6 |
---------------+-------------------+-----
Long Blades    | 2 3 4 5 |  5.1
Shields        | 3 |  3.9
Fighting       | |  2.6
Armour         | |  2.4

Action                   |  1- 3 |  4- 6 || total
-------------------------+-------+-------++-------
Melee: Long sword        |    76 |    81 ||   157
       Bite              |    24 |    31 ||    55
  Use: Potion            |       |     1 ||     1
  Eat: Chunk             |     2 |     3 ||     5
Armor: Scale mail        |    24 |    38 ||    62
Dodge: Dodged            |    17 |    33 ||    50
Block: Shield            |    40 |       ||    40
       Buckler           |       |    28 ||    28
       Rpst.: Long sword |     8 |    10 ||    18
